 Dungeon Crawl Stone Soup version 0.31.0-4-g52a2dc7128 (webtiles) character file.

Game seed: 13754223077388453348

75 Sweeb the Sneak (level 4, 0/30 HPs)
             Began as an Octopode Brigand on Jan 23, 2024.
             Slain by a gnoll
             ... wielding a +0 whip
              (5 damage)
             ... on level 2 of the Dungeon.
             The game lasted 00:01:43 (1129 turns).

Sweeb the Sneak (Octopode Brigand)                  Turns: 1129, Time: 00:01:43

Health: 0/30       AC:  1    Str: 10    XL:     4   Next: 31%
Magic:  4/4        EV: 13    Int: 13    God:
Gold:   127        SH:  0    Dex: 15    Spells: 3/3 levels left

rFire   . . .        a - +2 dagger
rCold   . . .        (no shield)
rNeg    . . .        (helmet restricted)
rPois   .            (no amulet)
rElec   .            (no ring)
rCorr   .            (no ring)
SInv    .            (no ring)
Will    .....        (no ring)
Stlth   ++++         (no ring)
HPRegen 0.25/turn    (no ring)
MPRegen 0.09/turn    (no ring)
                     (no ring)

%: no passive effects
@: no status effects
A: almost no armour, amphibious, 8 rings, camouflage 1, gelatinous body 1,
(nimble swimmer 1), tentacles
a: no special abilities


You were on level 2 of the Dungeon.
You visited 1 branch of the dungeon, and saw 2 of its levels.

You collected 127 gold pieces.

Inventory:

Hand Weapons
 a - a +2 dagger (weapon)
Missiles
 b - 7 poisoned darts (quivered)
 c - 3 curare-tipped darts
Scrolls
 d - a scroll of enchant armour {unknown}
 h - a scroll of identify
Potions
 e - a potion of enlightenment
 f - a potion of heal wounds
 g - a potion of mutation {unknown}
 i - 2 potions of berserk rage {unknown}
 j - a potion of curing {unknown}


   Skills:
 + Level 2.6 Fighting
 * Level 3.2 Short Blades
 - Level 2.0 Throwing
 + Level 1.9 Dodging
 + Level 5.8 Stealth


You had 3 spell levels left.
You didn't know any spells.
Your spell library was empty.

Dungeon Overview and Level Annotations

Branches:
Dungeon (2/15)

Altars:


Innate Abilities, Weirdness & Mutations

You cannot wear most types of armour.
You are amphibious.
You can wear up to eight rings at the same time.
Your skin changes colour to match your surroundings (Stealth+).
Your rubbery body absorbs attacks. (AC +1, EV +1)
((You are camouflaged when in or above water. (Stealth+)))
You have tentacles for arms and can constrict up to eight enemies at once.


Message History

You constrict the gnoll, but do no damage.
The gnoll hits you with a +2 flail of protection!
You hit the gnoll.
The gnoll is moderately wounded.
You constrict the gnoll. The gnoll closely misses you.
You hit the gnoll.
The gnoll is almost dead.
You constrict the gnoll, but do no damage.
The gnoll closely misses you.
You hit the gnoll but do no damage.
The gnoll is almost dead.
You constrict the gnoll, but do no damage.
The gnoll hits you with a +2 flail of protection!
You are too injured to fight recklessly!
You are too injured to fight recklessly!
There are monsters nearby!
Unknown command.
You hit the gnoll.
You kill the gnoll!
You have reached level 4!
Throw: 8 darts (poison)
Press: ? - help, Q - select action, (/) - cycle Shift-Dir - straight line, f - gnoll
Aim: a gnoll, wielding a +0 whip (moderately wounded, 61% to hit)
You throw a poisoned dart. The poisoned dart hits the gnoll.
The gnoll is poisoned.
The gnoll is moderately wounded.
The gnoll barely misses you.
You hit the gnoll. You grab the gnoll. You squeeze the gnoll.
You kill the gnoll!
You hit the gnoll. Your grab misses the gnoll.
The gnoll is moderately wounded.
You hit the gnoll. You grab the gnoll.
The gnoll is moderately wounded.
You constrict the gnoll, but do no damage.
The gnoll hits you with a +0 whip!
* * * LOW HITPOINT WARNING * * *
You completely miss the gnoll. You squeeze the gnoll.
The gnoll is heavily wounded.
You constrict the gnoll. The gnoll hits you with a +0 whip.
You die...

#..#.##.##.#
......# #..#
#.##.# ?....###..#
...... .....+....#
##.##.# ..:
####.###.....# ...
#...........# #.#
#.#.##..#....
#g####.#.#........
#@##...#.#...#..#.
#.##.###.#...####.
#........#........
####.#####..#####.
#.# #..........
#.# #.#.#.####.
#.# #...#.#
#.#######.#
#.........#


You could see a gnoll.

Vanquished Creatures
  Robin (D:2)
  2 gnolls (D:2)
  2 dart slugs (D:2)
  2 ribbon worms (D:2)
  A bat (D:1)
  3 endoplasms
  3 giant cockroaches (D:1)
  4 goblins
  7 hobgoblins
  2 kobolds
  3 quokkas
  A frilled lizard (D:1)
  2 rats (D:1)
33 creatures vanquished.

Notes
Turn   | Place    | Note
-------+----------+-------------------------------------------
     0 | D:1      | Sweeb the Octopode Brigand began the quest for the Orb.
     0 | D:1      | Reached XP level 1. HP: 14/14 MP: 1/1
   212 | D:1      | Reached XP level 2. HP: 18/19 MP: 2/2
   625 | D:1      | Found a faded altar of an unknown god.
   791 | D:2      | Reached XP level 3. HP: 24/24 MP: 3/3
   791 | D:2      | Noticed Robin
   802 | D:2      | Killed Robin
  1125 | D:2      | Reached XP level 4. HP: 12/30 MP: 4/4
  1129 | D:2      | Slain by a gnoll

Illustrated notes

Levels and vault maps discovered:
D:1:      tarquinn_simple_flora_water_b, layout_basic,
          hellmonk_ecumenical_altar_run_dry, minmay_liquid_box
D:2:      layout_basic, uniq_robin

Skill      XL: |  1  2  3 |
---------------+----------+-----
Short Blades   | 3 |  3.2
Fighting       | |  2.6
Throwing       | |  2.0
Dodging        | |  1.9
Stealth        | |  5.8

Action                     |  1- 3 |  4- 6 || total
---------------------------+-------+-------++-------
  Melee: Dagger            |    65 |     4 ||    69
         Tentacles         |    16 |     2 ||    18
         Constrict         |    17 |     2 ||    19
         Punch             |     1 |       ||     1
  Throw: Dart              |     8 |     1 ||     9
    Use: Scroll            |     2 |       ||     2
   Stab: Sleeping          |    10 |       ||    10
 Armour: Skin              |    19 |     2 ||    21
  Dodge: Dodged            |    39 |     1 ||    40
